 Dungeon Crawl Stone Soup version 0.28-a0-909-g796cbd3a86 (webtiles) character file.

Game seed: 259907412161002768

2 horus123 the Ducker (level 1, -1/16 HPs)
             Began as a Demonspawn Gladiator on Nov 24, 2021.
             Slain by a gnoll (5 damage)
             ... on level 1 of the Dungeon.
             The game lasted 00:00:33 (101 turns).

horus123 the Ducker (Demonspawn Gladiator)           Turns: 101, Time: 00:00:34

Health: -1/16      AC:  4    Str: 14    XL:     1   Next: 33%
Magic:  1/1        EV: 12    Int:  9    God:
Gold:   0          SH:  0    Dex: 14    Spells: 0/0 levels left

rFire   . . .      SeeInvis .   a - +0 long sword
rCold   . . .      Faith    .   (no shield)
rNeg    . . .      Spirit   .   b - +0 leather armour
rPois   .          Reflect  .   c - +0 helmet
rElec   .          Harm     .   (no cloak)
rCorr   .          Rampage  .   (no gloves)
Will    .....                   (no boots)
Stlth   +.........              (no amulet)
HPRegen 0.05/turn               (no ring)
MPRegen 0.07/turn               (no ring)

@: no status effects
A: no striking features
a: no special abilities


You were on level 1 of the Dungeon.
You visited 1 branch of the dungeon, and saw 1 of its levels.

Inventory:

Hand Weapons
 a - a +0 long sword (weapon)
Missiles
 d - 3 throwing nets (quivered)
Armour
 b - a +0 leather armour (worn)
 c - a +0 helmet (worn)
Scrolls
 e - a scroll of fear {unknown}


   Skills:
 - Level 2.0 Fighting
 - Level 2.6 Long Blades
 - Level 1.7 Throwing
 + Level 2.9 Dodging


You couldn't memorise any spells.
You didn't know any spells.
Your spell library was empty.

Dungeon Overview and Level Annotations

Branches:
Dungeon (1/15)

Altars:


Message History

The gnoll shouts!
You closely miss the ball python. The ball python bites you.
The ball python grabs you. The ball python constricts you.
The ball python bites you but does no damage.
The ball python constricts you.
You hit the ball python but do no damage.
The ball python bites you but does no damage.
The ball python constricts you.
You barely miss the ball python.
The ball python bites you but does no damage.
The ball python constricts you. The gnoll hits you with a +0 club.
The ball python barely misses you. The ball python constricts you.
You closely miss the ball python. The gnoll barely misses you.
The ball python bites you. The ball python constricts you.
You are too injured to fight recklessly!
You escape the ball python's grasp.
The gnoll closely misses you. The ball python barely misses you.
The ball python closely misses you. The ball python barely misses you. x2
The ball python barely misses you. The ball python closely misses you.
The ball python barely misses you. x2
A hobgoblin comes into view.
Found a scroll labelled FAUPTI XYIPUI.
The ball python bites you but does no damage.
The ball python misses you.
You slash the ball python!
You kill the ball python!
You see here a scroll labelled FAUPTI XYIPUI.
e - a scroll labelled FAUPTI XYIPUI You hit the gnoll.
The gnoll is lightly wounded.
The gnoll closely misses you. x2
You slash the gnoll!
The gnoll is severely wounded.
The gnoll hits you with a +0 club.
* * * LOW HITPOINT WARNING * * *
You barely miss the gnoll.
The gnoll is severely wounded.
The gnoll hits you with a +0 club.
You die...

#...........##.#...#.........
#........^..##.#..##.......
#............#.....#....g.
#...........#..#.###....#
#######.##.#.#...........#
...........#.##..........#
...........#..........#.##
...........############.#
..............@gg....†..#
..........###############
#######.######
#######..........
......#..........
.................
....#.#........#.
#..............#
#..............#


You could see a gnoll and a hobgoblin.

Vanquished Creatures
  2 ball pythons (D:1)
  A rat (D:1)
3 creatures vanquished.

Notes
Turn   | Place    | Note
-------+----------+-------------------------------------------
     0 | D:1      | horus123 the Demonspawn Gladiator began the quest for the
                  | Orb.
     0 | D:1      | Reached XP level 1. HP: 16/16 MP: 1/1
   101 | D:1      | Slain by a gnoll

Illustrated notes

Levels and vault maps discovered:
D:1:      dpeg_arrival_line_fractal, layout_basic, minmay_tiny_reverse_x

Action                   || total
-------------------------++-------
Melee: Long sword        ||    12
 Stab: Sleeping          ||     1
Armor: Leather armour    ||     4
Dodge: Dodged            ||    16

Table legend: (Time is in decaauts)
 A = Elapsed time spent in this place.
 B = Non-inter-level travel time spent in this place.
 C = Inter-level travel time spent in this place.
 D = Time resting spent in this place.
 E = Time spent auto-exploring this place.
 F = Levels seen in this place.
 G = Mean time per level.
                   A        B        C        D        E       F      G
               +--------+--------+--------+--------+--------+-----+--------+
         Total |    103 |    103 |      0 |      0 |     50 |   1 |  103.0 |
       Dungeon |    103 |    103 |      0 |      0 |     50 |   1 |  103.0 |
               +--------+--------+--------+--------+--------+-----+--------+

Top non-repeatable levels by time:
     D:1: 103 daAuts
